 Dungeon Crawl Stone Soup version 0.19-a0 (webtiles) character file.

238 barb4r1an the Ruffian (level 5, -1/40 HPs)
             Began as a Draconian Transmuter on Apr 27, 2016.
             Slain by a slave (7 damage)
             ... led by Pikel
             ... on level 5 of the Dungeon.
             The game lasted 00:07:07 (3595 turns).

barb4r1an the Ruffian (Draconian Transmuter)        Turns: 3595, Time: 00:07:08

Health: -1/40      AC:  5    Str: 13    XL:     5   Next: 78%
Magic:  1/9        EV:  7    Int: 14    God:
Gold:   135        SH:  0    Dex: 11    Spells: 3 memorised, 4 levels left

rFire  . . .     SeeInvis .       - Unarmed
rCold  . . .     Gourm    .     (armour unavailable)
rNeg   . . .     Faith    .     (no shield)
rPois  .         Spirit   .     (helmet restricted)
rElec  .         Dismiss  .     (no cloak)
rCorr  .         Reflect  .     (no gloves)
SustAt .         Harm     .     (boots currently unavailable)
MR     .....                    (no amulet)
Stlth  +.........               (no ring)
                                (no ring)

@: appendage, very slightly contaminated, not resistant to hostile enchantments,
very unstealthy
A: unfitting armour, talons 3, cold-blooded, AC +5
a: End Transformation


You were on level 5 of the Dungeon.
You were not hungry.
You had grown temporary talons.
You visited 1 branch of the dungeon, and saw 6 of its levels.

You collected 135 gold pieces.

Inventory:

Missiles
 a - 75 arrows
Magical Staves
 w - a cursed staff of summoning
Jewellery
 n - a cursed -2 ring of protection {unknown}
Scrolls
 d - 4 scrolls of identify {unknown}
 g - a scroll of fear {unknown}
 i - 2 scrolls of teleportation {unknown}
 k - a scroll of immolation {unknown}
 r - 2 scrolls of amnesia {unknown}
 t - a scroll of enchant armour {unknown}
Potions
 e - a potion of heal wounds {unknown}
 f - a potion of might {unknown}
 h - a potion of cure mutation {unknown}
 m - a potion of invisibility {unknown}
 p - 2 potions of lignification {unknown}
 q - a potion of curing {unknown}
 v - a potion of cancellation {unknown}
Books
 b - a book of Changes

   Spells                             Type                      Level
   a - Beastly Appendage              Transmutation                1
   b - Sticks to Snakes               Transmutation                2
   c - Spider Form                    Transmutation/Poison         3
   d - Ice Form                       Ice/Transmutation            4
   e - Blade Hands                    Transmutation                5
 u - a book of Envenomations

   Spells                             Type                      Level
   a - Spider Form                    Transmutation/Poison         3
   b - Olgreb's Toxic Radiance        Poison                       4
   c - Alistair's Intoxication        Transmutation/Poison         5
   d - Poisonous Cloud                Conjuration/Poison/Air       6
Comestibles
 c - a bread ration
 j - a slice of pizza
 l - 3 fruits
 o - 2 royal jellies
 s - 2 meat rations


   Skills:
 - Level 1.1 Fighting
 + Level 3.0 Dodging
 + Level 4.2 Unarmed Combat
 + Level 3.2 Spellcasting
 * Level 3.4 Transmutations


You had 4 spell levels left.
You knew the following spells:

 Your Spells              Type           Power        Failure   Level  Hunger
a - Beastly Appendage     Trmt           ##....       6%          1    #......
b - Sticks to Snakes      Trmt           ##......     10%         2    ##.....
c - Spider Form           Trmt/Pois      #.........   30%         3    ###....


Dungeon Overview and Level Annotations

Branches:
Dungeon (6/15)
 Temple: D:4-7

Altars:
Trog
Xom

Annotations:
D:5 Pikel


Innate Abilities, Weirdness & Mutations

Your plain brown scales are hard (AC +5).
Your body does not fit into most forms of armour.
You are cold-blooded and may be slowed by cold attacks.
You have claws for feet.


Message History

The slave struggles to escape constriction.
Your ball python bites the slave but does no damage.
The slave struggles to escape constriction.
Your ball python bites the slave but does no damage.
Your ball python constricts the slave.
Your ball python bites the slave.
Your ball python constricts the slave.
Your ball python bites the slave but does no damage.
The slave struggles to escape constriction.
Your ball python bites the slave but does no damage.
Your ball python constricts the slave.
The slave struggles to escape constriction.
Your ball python bites the slave.
Your ball python constricts the slave.
Your ball python bites the slave but does no damage.
Your ball python bites the slave but does no damage.
Your ball python constricts the slave.
The slave escapes! x2
The slave misses you.
There is a stone staircase leading down here.
Your ball python closely misses the slave.
Your ball python misses the slave.
The slave hits you!
You die...

#.$ #.# #.# #.#
###########.#
............#
............#######
.......SppK@.......
..........p........
.%....SSp..........
.......%...........
??..######.........
### #.........
....%.....
..........
....#####


You could see Pikel, 4 slaves and 3 friendly ball pythons.

Vanquished Creatures
  A hound (D:3)
  4 gnolls
  9 adders
  An ooze (D:3)
  2 worms (D:3)
  2 dart slugs (D:3)
  2 giant geckos (D:3)
  4 orcs
  5 giant cockroaches
  5 goblins
  9 hobgoblins
  5 jackals
  3 quokkas
  2 ball pythons
  5 bats
  4 giant newts
  3 kobolds
  6 rats
72 creatures vanquished.

Vanquished Creatures (others)
  A wizard (D:3)
1 creature vanquished.

Grand Total: 73 creatures vanquished

Notes
Turn   | Place    | Note
--------------------------------------------------------------
     0 | D:1      | barb4r1an the Draconian Transmuter began the quest for the Orb.
     0 | D:1      | Reached XP level 1. HP: 16/16 MP: 3/3
   215 | D:1      | Reached XP level 2. HP: 16/23 MP: 3/5
   225 | D:1      | Learned a level 2 spell: Sticks to Snakes
   840 | D:1      | Reached XP level 3. HP: 28/28 MP: 6/6
   848 | D:1      | Learned a level 3 spell: Spider Form
  1667 | D:2      | Reached XP level 4. HP: 25/35 MP: 5/8
  2882 | D:3      | Reached XP level 5. HP: 40/40 MP: 9/9
  3057 | D:3      | Reached skill level 4 in Unarmed Combat
  3368 | D:3      | Found a bloodstained altar of Trog.
  3369 | D:3      | Noticed a wizard
  3374 | D:3      | Killed a wizard
  3540 | D:4      | Found a shimmering altar of Xom.
  3551 | D:4      | Found a shimmering altar of Xom.
  3551 | D:4      | Found a shimmering altar of Xom.
  3551 | D:4      | Found a shimmering altar of Xom.
  3551 | D:4      | Found a shimmering altar of Xom.
  3552 | D:4      | Found a shimmering altar of Xom.
  3552 | D:4      | Found a shimmering altar of Xom.
  3552 | D:4      | Found a shimmering altar of Xom.
  3557 | D:4      | You fall through a shaft for 2 floors!
  3576 | D:5      | Entered Level 5 of the Dungeon
  3578 | D:5      | Noticed Pikel
  3578 | D:5      | Noticed a slave
  3579 | D:5      | Noticed a slave
  3579 | D:5      | Noticed a slave
  3579 | D:5      | Noticed a slave
  3595 | D:5      | Slain by a slave

Vault maps used:
D:1:      minmay_arrival_widening_spiral_wide
D:3:      trog_wizard
D:4:      marbit_many_paths, serial_shops, shop, xom_redecorated,
          uniq_crazy_yiuf_cottage
D:5:      lemuel_doored_altar, minitemple, minmay_temple_entry_enclosed_plants,
          first_bread, uniq_sigmund, uniq_duvessa, uniq_pikel
D:6:      minmay_misc_feat_doors, minmay_misc_feat_five, uniq_prince_ribbit1

Skill      XL: |  1  2  3  4  5 |
---------------+----------------+-----
Dodging        | 2 3 |  3.0
Transmutations | 3 |  3.4
Spellcasting   | 3 |  3.2
Unarmed Combat | 4 |  4.2
Fighting       | |  1.1

Action                   |  1- 3 |  4- 6 || total
-------------------------+-------+-------++-------
Melee: Unarmed           |   125 |   165 ||   290
       Kick              |    17 |     7 ||    24
       Tailslap          |    10 |    11 ||    21
       Headbutt          |     4 |       ||     4
       Punch             |     1 |     1 ||     2
 Cast: Beastly Appendage |    18 |     9 ||    27
       Spider Form       |       |     6 ||     6
       Sticks to Snakes  |       |     3 ||     3
 Stab: Sleeping          |       |     1 ||     1
  Eat: Chunk             |     2 |     6 ||     8
       Bread ration      |       |     1 ||     1
Armor: Skin              |    37 |    43 ||    80
Dodge: Dodged            |    84 |   115 ||   199
